Map: Apotheosis LE

Players

FreddyWolf

  • Race: Terran Terran
  • League: Bronze

Gracz - Winner!

  • Race: Protoss Protoss
  • League: Bronze

VOD

Have the link to the VOD?

Description

Time

  • Played on: Sept. 2, 2016, 4:26 p.m.
  • Length: 27:53
Show
View Real Time Build Order
Export as new Build Order

FreddyWolf Terran 

Build Orders: MMM Bio 

Get SALT Encoding   

  12  0:02  SCV  
  13  0:14  SCV  
  14  0:23  Supply Depot  
  14  0:27  SCV  
  15  0:44  SCV  
  16  0:55  Barracks  
  16  0:56  SCV  
  16  0:57  Barracks  
  17  1:08  SCV  
  18  1:19  Barracks  
  18  1:21  SCV  
  19  1:33  SCV  
  20  1:45  Supply Depot, SCV  
  21  1:50  Marine  
  21  1:51  Refinery  
  22  1:59  Barracks  
  22  2:05  Supply Depot  
  22  2:07  Marine  
  23  2:12  Refinery  
  23  2:15  Orbital Command  
  23  2:30  Barracks  
  23  2:37  Marine x2  
  25  2:49  Marine  
  26  2:55  Marine x2  
  28  3:07  Marine  
  28  3:08  SCV  
  30  3:15  Supply Depot  
  30  3:20  SCV  
  31  3:33  Marine x2  
  33  3:34  Command Center  
  33  3:45  Barracks Tech Lab, Supply Depot  
  33  3:46  Marine  
  34  3:51  Marine x2  
  36  3:56  Supply Depot  
  36  4:08  Combat Shields  
  36  4:09  Marine  
  37  4:15  SCV  
  38  4:19  Engineering Bay  
  38  4:27  Factory, SCV  
  38  4:30  Marauder  
  41  4:33  Marine  
  41  4:37  Marine  
  43  4:51  Marine  
  44  4:55  Marine  
  44  4:57  Orbital Command  
  45  5:09  Marine  
  45  5:12  Marine  
  47  5:18  Missile Turret  
  47  5:20  Terran Infantry Weapons Level 1  
  47  5:23  Missile Turret, Marauder  
  47  5:26  Marine  
  47  5:27  Marine  
  51  5:28  Marine  
  51  5:30  Marine  
  51  5:35  Factory Tech Lab  
  53  5:42  Armory  
  53  5:45  Marauder  
  53  5:48  Supply Depot  
  55  5:52  Stimpack  
  55  5:56  Barracks Reactor  
  55  6:10  Marine x2  
  57  6:15  SCV  
  58  6:28  Marine x2, SCV  
  61  6:40  SCV  
  61  6:41  Siege Tank  
  61  6:46  Marine x2  
  67  6:52  Supply Depot  
  67  6:54  Terran Vehicle Weapons Level 1  
  67  7:01  Missile Turret  
  67  7:03  Marine  
  67  7:04  Marine  
  69  7:14  Terran Infantry Armor Level 1  
  69  7:30  Command Center  
  69  7:32  Marine x2  
  71  7:37  Barracks Reactor  
  71  7:50  Marine x2  
  73  7:51  Engineering Bay  
  73  7:53  Concussive Shells  
  73  8:01  Missile Turret  
  73  8:08  Marine  
  74  8:14  Factory  
  74  8:22  Missile Turret  
  74  8:31  Refinery  
  74  8:35  Refinery  
  74  8:48  Terran Vehicle And Ship Armor Level 1  
  74  8:54  Barracks Reactor  
  74  9:01  Barracks Tech Lab  
  74  9:06  Factory Tech Lab  
  74  9:12  Armory  
  74  9:14  Terran Infantry Weapons Level 2  
  74  9:24  Orbital Command  
  74  9:27  Thor  
  80  9:33  Siege Tank  
  83  9:41  SCV  
  84  9:52  Orbital Command  
  84  9:53  SCV  
  85  10:01  Starport  
  85  10:24  Supply Depot, SCV  
  86  10:30  Building Armor  
  86  10:36  SCV  
  86  10:41  Engineering Bay  
  86  10:42  Terran Vehicle Weapons Level 2  
  87  10:48  SCV, Thor  
  94  10:51  Terran Vehicle And Ship Armor Level 2  
  94  11:08  Starport Reactor  
  94  11:10  Hi-Sec Auto Tracking  
  94  11:22  Armory  
  94  11:30  Terran Infantry Armor Level 2  
  94  11:37  Command Center  
  94  11:38  Marauder  
  94  11:39  Marine x2  
  98  11:56  Marine  
  98  11:57  Marine, Thor  
  98  11:59  Drilling Claws, Marauder  
  108  12:01  Medivac  
  108  12:04  Medivac  
  112  12:14  Marine x2  
  112  12:15  Refinery  
  114  12:19  Refinery  
  114  12:21  Marauder  
  116  12:48  Thor  
  116  12:49  Medivac x2  
  126  12:52  Supply Depot  
  126  12:57  Supply Depot  
  126  13:01  Terran Ship Weapons Level 1  
  126  13:07  Refinery  
  126  13:15  Supply Depot  
  126  13:19  Medivac, Supply Depot  
  128  13:26  Planetary Fortress  
  128  13:39  Supply Depot  
  128  13:41  Terran Vehicle Weapons Level 3  
  128  13:44  Terran Vehicle And Ship Armor Level 3  
  128  13:54  Terran Infantry Weapons Level 3  
  128  14:02  Supply Depot  
  128  14:14  Supply Depot  
  128  14:29  Missile Turret  
  128  14:30  Terran Infantry Armor Level 3  
  128  14:38  Supply Depot  
  128  14:41  Fusion Core  
  128  14:44  Supply Depot  
  128  14:51  Command Center  
  128  15:01  Missile Turret  
  128  15:02  Supply Depot  
  128  15:29  Missile Turret  
  120  15:49  Missile Turret  
  50  16:05  Refinery  
  50  16:08  Marine x3, Marauder  
  50  16:09  Marine  
  52  16:11  Missile Turret  
  52  16:13  Marine  
  53  16:26  Marine x4  
  53  16:29  Marauder  
  53  16:32  Missile Turret  
  59  16:44  Marine  
  60  16:51  Marauder  
  60  16:52  Missile Turret  
  62  16:56  Weapon Refit  
  62  17:09  Terran Ship Weapons Level 2  
  62  17:15  Missile Turret  
  62  17:29  Viking  
  148  17:30  Viking  
  64  17:36  Siege Tank  
  69  17:39  Behemoth Reactor  
  69  17:41  Marine x2  
  71  18:03  Medivac  
  71  18:04  Medivac  
  75  18:06  Marauder  
  75  18:07  Marine x2  
  79  18:28  Marauder  
  81  18:55  Marine x3  
  82  18:56  Barracks  
  81  19:13  Marine x2  
  81  19:14  Marauder  
  65  19:35  Marauder  
  29  19:56  Marauder  
  20  20:15  Missile Turret  
  20  20:18  Missile Turret, Marauder  
  20  20:19  Marine x3  
  25  20:24  Marine x5  
  30  20:36  Marine  
  30  20:37  Marine x2  
  30  20:40  Marauder  
  36  20:54  Marine x2  
  36  20:55  Marine  
  35  21:01  Marauder  
  37  21:04  SCV  
  33  21:12  Marine x3  
  36  21:22  Marine  
  37  21:30  Marine  
  38  21:40  Marine  
  39  22:57  Command Center  
  21  23:19  SCV  
  17  23:31  SCV  
  18  23:48  Engineering Bay  
  18  23:56  Marauder  
  20  24:17  Armory  
  20  24:20  Planetary Fortress  
  20  24:26  SCV  
  21  24:42  Thor  
  27  24:56  Missile Turret  
  27  24:57  Marauder  
  29  25:00  Marine  
  30  25:21  Supply Depot  
  30  25:26  Thor  
  36  25:45  SCV  
  37  25:57  SCV  
  37  26:09  SCV, Thor  
  37  26:10  Missile Turret  
  36  26:31  Missile Turret  
Show
View Real Time Build Order
Export as new Build Order

Gracz Protoss - Winner!

Build Orders: 1 Gate Expand 

Get SALT Encoding   

  12  0:02  Probe (Chrono Boost)  
  13  0:13  Probe (Chrono Boost)  
  14  0:23  Pylon  
  14  0:29  Assimilator  
  14  0:31  Probe (Chrono Boost)  
  15  0:48  Gateway  
  15  0:56  Probe (Chrono Boost)  
  16  1:24  Probe (Chrono Boost)  
  17  1:34  Nexus  
  17  1:37  Zealot  
  19  1:53  Cybernetics Core  
  19  1:57  Gateway  
  19  2:01  Probe (Chrono Boost)  
  20  2:11  Probe (Chrono Boost)  
  21  2:18  Warp Gate  
  22  2:30  Probe (Chrono Boost)  
  22  2:42  Probe (Chrono Boost)  
  23  2:46  Sentry, Probe (Chrono Boost)  
  23  2:50  Pylon  
  26  2:54  Probe (Chrono Boost)  
  26  2:57  Probe (Chrono Boost)  
  28  3:07  Probe (Chrono Boost)  
  29  3:18  Probe (Chrono Boost)  
  28  3:28  Probe (Chrono Boost)  
  28  3:31  Gateway  
  28  3:32  Stalker x2  
  33  3:37  Gateway  
  34  3:41  Probe (Chrono Boost)  
  34  3:50  Assimilator  
  34  3:52  Probe (Chrono Boost)  
  34  3:54  Assimilator  
  35  3:59  Assimilator  
  35  4:02  Stalker, Probe x2 (Chrono Boost)  
  39  4:14  Probe (Chrono Boost)  
  40  4:26  Pylon, Probe (Chrono Boost)  
  40  4:29  Pylon  
  41  4:33  Pylon  
  41  4:45  Probe (Chrono Boost)  
  42  4:48  Probe (Chrono Boost)  
  43  4:55  Probe (Chrono Boost)  
  43  4:56  Sentry x3  
  43  4:59  Probe (Chrono Boost)  
  51  5:10  Mothership Core (Chrono Boost)  
  53  5:15  Pylon  
  53  5:33  Twilight Council  
  53  5:38  Pylon  
  53  5:48  Twilight Council  
  53  5:59  Robotics Facility x2  
  53  6:00  Robotics Facility  
  53  6:01  Robotics Facility  
  53  6:03  Blink  
  53  6:06  Gateway  
  53  6:10  Gateway  
  53  6:12  Gateway  
  53  6:17  Charge  
  53  6:23  Pylon  
  53  6:26  Pylon  
  53  6:42  Protoss Air Weapons Level 1  
  53  6:53  Observer, Warp Prism  
  56  6:58  Immortal  
  60  7:07  Stalker x2  
  64  7:26  Nexus  
  64  7:33  Forge  
  64  7:37  Assimilator  
  64  7:40  Assimilator  
  64  7:54  Stalker x3  
  64  7:55  Stalker x2  
  64  7:56  Stalker  
  64  7:57  Stalker  
  78  8:10  Probe (Chrono Boost)  
  78  8:11  Probe (Chrono Boost)  
  80  8:23  Probe x2 (Chrono Boost)  
  84  8:35  Probe (Chrono Boost)  
  84  8:36  Probe (Chrono Boost)  
  84  8:47  Probe (Chrono Boost)  
  85  8:59  Stalker x2, Probe (Chrono Boost)  
  85  9:01  Stalker x2  
  94  9:20  Probe (Chrono Boost)  
  95  9:28  Probe (Chrono Boost)  
  97  9:33  Probe (Chrono Boost)  
  97  9:39  Probe (Chrono Boost)  
  97  9:40  Stalker x3  
  97  9:41  Stalker x2  
  97  9:42  Stalker  
  97  9:45  Probe (Chrono Boost)  
  111  9:49  Probe (Chrono Boost)  
  111  9:51  Pylon  
  112  9:53  Pylon  
  112  9:57  Probe (Chrono Boost)  
  113  10:05  Robotics Facility  
  113  10:09  Probe (Chrono Boost)  
  113  10:10  Pylon  
  114  10:16  Stalker  
  114  10:17  Stalker x2  
  114  10:19  Stalker  
  114  10:21  Stalker x2, Probe (Chrono Boost)  
  125  10:22  Stalker  
  129  10:48  Pylon  
  129  10:50  Pylon  
  129  10:54  Stargate  
  129  10:55  Resonating Glaives  
  129  10:56  Stargate  
  129  10:57  Stargate  
  129  11:00  Stargate  
  129  11:05  Pylon, Immortal x3  
  129  11:06  Immortal  
  145  11:19  Dark Shrine  
  145  11:46  Stalker x4  
  153  11:47  Stalker x2  
  153  11:48  Stalker  
  153  11:52  Void Ray  
  163  12:02  Photon Cannon  
  163  12:03  Photon Cannon  
  163  12:36  Robotics Bay  
  163  13:33  Pylon, Dark Templar  
  165  13:34  Pylon  
  165  13:48  Void Ray x2  
  165  13:49  Void Ray  
  165  13:52  Void Ray  
  181  13:58  Pylon, Nexus  
  181  14:07  Pylon  
  181  14:25  Void Ray  
  181  14:30  Dark Templar x2  
  181  14:31  Dark Templar x4  
  197  14:49  Pylon  
  197  14:52  Assimilator  
  197  14:57  Assimilator  
  197  15:07  Disruptor  
  200  15:35  Void Ray  
  168  16:13  Void Ray  
  172  16:50  Void Ray  
  172  16:51  Fleet Beacon  
  176  17:21  Stalker x3  
  176  17:22  Stalker x3  
  188  17:33  Tempest  
  190  17:39  Mothership Core (Chrono Boost)  
  190  17:40  Tempest  
  140  22:04  Void Ray  
  140  22:09  Void Ray x2  
  152  22:41  Void Ray  
  135  22:52  Void Ray x2  
  122  23:18  Void Ray  
  127  23:28  Mothership Core (Chrono Boost)  
  127  23:29  Void Ray  
  131  23:35  Pylon, Void Ray x2  
  131  23:39  Pylon  
  139  23:43  Pylon  
  139  23:45  Pylon  
  139  23:51  Pylon  
  139  23:52  Pylon  
  139  23:53  Pylon  
  145  23:56  Void Ray  
  145  23:57  Pylon  
  145  23:59  Observer Gravitic Boosters  
  145  24:00  Pylon  
  145  24:01  Pylon  
  149  24:11  Void Ray  
  149  24:16  Void Ray  
  153  24:18  Pylon, Void Ray  
  161  24:27  Stalker x5  
  161  24:28  Stalker  
  173  24:31  Disruptor x2  
  173  24:32  Disruptor, Immortal  
  173  24:37  Void Ray  
  186  24:43  Protoss Air Armor Level 1  
  190  24:48  Void Ray  
  190  24:53  Void Ray  
  198  25:05  Stalker  
Tags
 
Add a new tag
Caveats
  • Supply blocks, unpowered buildings, or Contaminate may cause inaccurate times.
  • Supply counts are checked every 10 seconds.